 Dungeon Crawl Stone Soup version 0.30.1-11-g7821555f0a (webtiles) character file.

Game seed: 205855416549529960

1358 SacredBeard the Caller (level 8, -1/44 (52) HPs)
             Began as a Barachi Summoner on Nov 27, 2023.
             Succumbed to their own poison gas
             ... on level 4 of the Dungeon.
             The game lasted 00:25:11 (6745 turns).

SacredBeard the Caller (Barachi Summoner)           Turns: 6745, Time: 00:25:11

HP:   -1/44 (52)    AC: 10    Str:  9    XL:     8   Next: 64%
MP:   1/15          EV: 13    Int: 18    God:
Gold: 284           SH:  0    Dex: 13    Spells: 10/16 levels left

rFire   . . .        c - +0 spear
rCold   . . .        (no shield)
rNeg    . . .        a - +0 robe
rPois   .            w - +0 helmet
rElec   .            J - +0 cloak
rCorr   .            x - +0 pair of gloves
SInv    .            (no boots)
Will    .....        m - amulet of guardian spirit
Stlth   ++           y - ring of wizardry
HPRegen 0.27/turn    E - +4 ring of protection
MPRegen 0.14/turn

%: guardian spirit, wizardry (x1)
@: lethally poisoned (-1 -> -21), weak-willed, very slightly contaminated,
heavily drained, slow
A: amphibious, slowness 1, strong legs 1, +LOS
a: Hop


You were on level 4 of the Dungeon.
You visited 1 branch of the dungeon, and saw 6 of its levels.

You collected 284 gold pieces.

Inventory:

Hand Weapons
 c - a +0 spear (weapon)
 s - a +2 dagger of holy wrath
 I - a +1 dagger of venom
Missiles
 i - 5 poisoned darts
 j - 58 stones
 r - 7 boomerangs
 H - 2 datura-tipped darts
Armour
 a - a +0 robe (worn)
 w - a +0 helmet (worn)
 x - a +0 pair of gloves (worn)
 C - a +0 kite shield
 J - a +0 cloak (worn)
Jewellery
 m - an amulet of guardian spirit (around neck)
 y - a ring of wizardry (left hand)
 E - a +4 ring of protection (right hand)
 F - a +6 ring of dexterity
 G - a ring of wizardry
 K - a +4 ring of protection
Wands
 t - a wand of digging (5)
 D - a wand of flame (28)
Scrolls
 d - 2 scrolls of poison
 e - a scroll of magic mapping {unknown}
 f - a scroll of blinking
 g - a scroll of enchant weapon {unknown}
 h - 2 scrolls of vulnerability
 k - 4 scrolls of identify
 l - 4 scrolls of fog
 n - 4 scrolls of amnesia
 q - 2 scrolls of teleportation {unknown}
 u - 2 scrolls of immolation {unknown}
 A - a scroll of noise {unknown}
 L - a scroll of brand weapon {unknown}
Potions
 b - 2 potions of magic
 o - a potion of attraction {unknown}
 p - a potion of lignification {unknown}
 v - 2 potions of mutation {unknown}
 z - 2 potions of curing
 B - a potion of heal wounds {unknown}


   Skills:
 - Level 5.0 Armour
 - Level 4.0 Dodging
 - Level 3.0 Stealth
 + Level 4.9 Spellcasting
 - Level 7.0 Summonings
 + Level 4.9 Ice Magic
 - Level 4.0 Evocations


You had 10 spell levels left.
You knew the following spells:

 Your Spells              Type           Power      Damage    Failure   Level
a - Summon Small Mammal   Summ           100%       N/A       1%          1
b - Call Imp              Summ           58%        N/A       1%          2
c - Call Canine Familiar  Summ           29%        N/A       1%          3

Your spell library contained the following spells:

 Spells                   Type           Power      Damage    Failure   Level
 Freeze                   Ice            88%        1d9       1%          1
 Frozen Ramparts          Ice            44%        1d7       2%          3
 Ozocubu's Armour         Ice            22%        N/A       2%          3
 Summon Guardian Golem    Hex/Summ       17%        N/A       4%          3
 Hailstorm                Conj/Ice       13%        3d5       6%          3
 Summon Lightning Spire   Summ/Air       17%        N/A       13%         4
 Metabolic Englaciation   Hex/Ice        6%         N/A       45%         5
 Simulacrum               Ice/Necr       6%         N/A       95%         6


Dungeon Overview and Level Annotations

Branches:
Dungeon (6/15) Zot: 26414  Temple (0/1) D:5

Altars:
Ashenzari
Fedhas
Nemelex Xobeh
Vehumet

Shops:
D:3 *


Innate Abilities, Weirdness & Mutations

You are amphibious.
You cover ground slowly.
You can hop short distances.
You have an extended range of vision and can be seen from far away.


Message History

* * * LOW HITPOINT WARNING * * *
You feel drained.
* * * LOW HITPOINT WARNING * * *
There is an escape hatch in the ceiling, spattered with blood here.
The wight hits you with a +2 hand axe.
* * * LOW HITPOINT WARNING * * *
You feel drained. A mysterious force pulls you upwards.
The hatch slams shut behind you.
Casting: Summon Small Mammal (safe; 1% risk of failure)
Confirm with . or Enter, or press ? or * to list all spells.
You miscast Summon Small Mammal.
You are very lightly contaminated with residual magic.
Nothing appears to happen.
The wight misses you.
Unknown command.
Okay, then.
As you read the scroll labelled ICSU HAIPROTO, it crumbles to dust.
It is a scroll of amnesia.
Really abort (and waste the scroll)?
Okay, then.
The wight closely misses you.
As you read the scroll labelled CILUAJ LINGU, it crumbles to dust.
It is a scroll of identify.
l - 4 scrolls of fog The wight hits you with a +2 hand axe.
* * * LOW HITPOINT WARNING * * *
The air fills with toxic fumes!
As you read the scroll labelled MIGUAHE MEFIQ, it crumbles to dust.
It was a scroll of poison.
The wight hits you with a +2 hand axe.
* * * LOW HITPOINT WARNING * * *
As you read the scroll labelled ZISACA TAAGI, it crumbles to dust.
Magic quickly surges around you.
It was a scroll of vulnerability.
The wight misses you.
Blink to where?
Press: ? - help, Dir - move target Really blink into that cloud of poison gas?
As you read the scroll labelled DUSTRU WOEBLOMN, it crumbles to dust.
It was a scroll of blinking.
You are engulfed in poison gas.
You are lethally poisoned!
* * * LOW HITPOINT WARNING * * *
You die...

....#........# #§§§§§§§##.# #
.............#
#§§§§§§§##.#######
.............#
#§§§§§§§##.#......
##'###########
#§§§§§§§##......#. #.#
######§§§§§§§####..#.#.
#.########....§§§§§§§§§§..#.#.#.
#h#<.....'....§§#####§#§....#.#.
#......###....§§#....§§§..###.##
######.# #.####@#.###.#§..# #...
#.# #)####.#.# #.###.# ####
#.###......#.# #.# #.# #
#...########.# #.# #.# # ###.#
#.# #.###[###### #.# #####.#
#........... #.# #...).#
#####.###### #.# #.#####
#....... #.# #.# ########


There were no monsters in sight!

Vanquished Creatures
  A black bear (D:4)
  An ogre (D:5)
  An iguana (D:5)
  Jessica (D:3)
  2 orc wizards (D:6)
  A gnoll (D:4)
  3 adders
  2 worms (D:3)
  A dart slug (D:2)
  2 orcs (D:3)
  3 ball pythons
  2 bats (D:3)
  5 endoplasms
  A giant cockroach (D:2)
  4 goblins
  3 hobgoblins
  2 jackals
  4 kobolds
  4 quokkas
  2 frilled lizards
  2 rats
47 creatures vanquished.

Vanquished Creatures (collateral kills)
  A water moccasin (D:5)
  A black bear (D:6)
  An ice beast (D:6)
  A centaur (D:6)
  3 scorpions
  A wight (D:6)
  A hound (D:5)
  A jelly (D:5)
  A gnoll bouda (D:4)
  2 iguanas
  2 orc wizards (D:5)
  7 gnolls (D:4)
  6 adders
  A shadow imp (D:6)
  15 orcs
  5 endoplasms
  3 giant cockroaches
  4 goblins
  3 jackals (D:5)
  2 quokkas (D:4)
  5 ball pythons
  2 bats (D:1)
  A frilled lizard (D:1)
  3 kobolds
  4 rats (D:1)
76 creatures vanquished.

Grand Total: 123 creatures vanquished

Notes
Turn   | Place    | Note
-------+----------+-------------------------------------------
     0 | D:1      | SacredBeard the Barachi Summoner began the quest for the
                  | Orb.
     0 | D:1      | Reached XP level 1. HP: 13/13 MP: 3/3
   181 | D:1      | Reached XP level 2. HP: 5/19 MP: 3/5
   252 | D:1      | Reached skill level 5 in Summonings
   438 | D:1      | Learned a level 2 spell: Call Imp
   467 | D:1      | Reached skill level 1 in Armour
   689 | D:1      | Reached XP level 3. HP: 17/24 MP: 5/7
  1226 | D:2      | Reached skill level 1 in Evocations
  1672 | D:2      | Reached skill level 1 in Ice Magic
  1738 | D:2      | HP: 1/24 [adder (3)]
  1741 | D:2      | Reached XP level 4. HP: 15/30 MP: 8/8
  2082 | D:3      | Found Beigh's General Store.
  2083 | D:3      | Noticed Jessica
  2091 | D:3      | Killed Jessica
  2339 | D:3      | Learned a level 3 spell: Call Canine Familiar
  2377 | D:3      | Reached XP level 5. HP: 35/35 MP: 3/9
  3473 | D:4      | Noticed a black bear
  3485 | D:4      | Killed a black bear
  3486 | D:4      | Reached XP level 6. HP: 28/41 MP: 4/10
  4011 | D:4      | Found a radiant altar of Vehumet.
  4201 | D:4      | Reached XP level 7. HP: 14/46 MP: 1/12
  4855 | D:5      | Entered Level 5 of the Dungeon
  4877 | D:5      | Reached skill level 6 in Summonings
  5108 | D:5      | Found a sparkling altar of Nemelex Xobeh.
  5319 | D:5      | Found a blossoming altar of Fedhas.
  5448 | D:5      | Reached XP level 8. HP: 28/52 MP: 2/13
  5665 | D:5      | Found a staircase to the Ecumenical Temple.
  6056 | D:5      | Reached skill level 7 in Summonings
  6386 | D:6      | Found a broken altar of Ashenzari.
  6665 | D:6      | Reached skill level 5 in Armour
  6745 | D:4      | Succumbed to their own poison gas

Illustrated notes

Levels and vault maps discovered:
D:1:      tarquinn_simple_flora_water_a, layout_basic, nrook_loot_triangle
D:2:      minmay_angry_zag, layout_basic, minmay_statues_item,
          nicolae_concentric_dashed_squares_mild
D:3:      minmay_inner_zag, layout_basic, serial_shops, nicolae_shop_trees,
          uniq_jessica
D:4:      layout_basic, vehumet_altar_wand_db
D:5:      layout_cave_pods, nemelex_xobeh_ov_fountains_minmay,
          mainiacjoe_overflow_concentric_impassable,
          minmay_temple_entry_statues_fountains
D:6:      layout_basic, evilmike_ruin_ashenzari,
          nicolae_gozag_cash_rules_everything_around_me, uniq_duvessa

Skill      XL: |  1  2  3  4  5  6  7  8 |
---------------+-------------------------+-----
Summonings     | 5 6 7 |  7.0
Armour         | 1 2 3 5 |  5.0
Stealth        | 2 3 |  3.0
Evocations     | 1 2 3 4 |  4.0
Spellcasting   | 3 4 |  4.9
Ice Magic      | 1 2 3 4 |  4.9
Dodging        | 3 4 |  4.0

Action                     |  1- 3 |  4- 6 |  7- 9 || total
---------------------------+-------+-------+-------++-------
  Melee: Spear             |    85 |   133 |   117 ||   335
         Unarmed           |     6 |       |       ||     6
         Punch             |       |     2 |     1 ||     3
   Cast: Summon Small Mamm |    34 |    26 |    21 ||    81
         Call Imp          |     6 |    27 |    20 ||    53
         Call Canine Famil |       |     3 |    29 ||    32
    Use: Potion            |     1 |       |       ||     1
         Scroll            |       |       |     5 ||     5
   Stab: Distracted        |     1 |     3 |     2 ||     6
         Sleeping          |     3 |     1 |     1 ||     5
 Armour: Robe              |    13 |    15 |    25 ||    53
  Dodge: Dodged            |    51 |    74 |    70 ||   195
